 Seeded DCSS version 0.29.1-15-g9cfb28693d (webtiles) character file.

Game seed: 8055419596944682667 (custom seed)

5523 Twinkles the Destroyer (level 10, -3/53 HPs)
             Began as a Vine Stalker Conjurer on June 3, 2023.
             Was a High Priest of Sif Muna.
             Slain by a seven-headed hydra (9 damage)
             ... on level 8 of the Dungeon.
             The game lasted 00:32:20 (6798 turns).

Twinkles the Destroyer (Vine Stalker Conjurer)      Turns: 6798, Time: 00:32:20

Health: -3/53      AC: 10    Str: 16    XL:     10   Next: 70%
Magic:  0/23       EV: 12    Int: 28    God:    Sif Muna [*****.]
Gold:   812        SH:  0    Dex: 13    Spells: 8/25 levels left

rFire   . . .      SeeInvis .   y - +0 dagger
rCold   + . .      Faith    .   (no shield)
rNeg    . . .      Spirit   +   D - +2 robe {rC+}
rPois   .          Reflect  .   v - +2 helmet
rElec   .          Harm     .   F - +0 cloak
rCorr   .          Rampage  .   f - +1 pair of gloves
Will    +....                   (no boots)
Stlth   ++........              t - amulet of Vitality {RegenMP++ Regen++}
HPRegen 2.57/turn               j - +6 ring of strength
MPRegen 0.98/turn               C - +6 ring of intelligence

@: no status effects
A: fangs 3, regeneration 1, magic shield, antimagic bite, no potion heal 2
a: Renounce Religion, Channel Magic, Forget Spell, Divine Exegesis


You were on level 8 of the Dungeon.
You worshipped Sif Muna.
Sif Muna was extremely pleased with you.
You visited 1 branch of the dungeon, and saw 8 of its levels.
You also visited: Bailey.

You collected 812 gold pieces.

Inventory:

Hand Weapons
 y - a +0 dagger (weapon)
Missiles
 x - 2 poisoned darts
 I - 7 throwing nets
Armour
 a - a +0 robe
 f - a +1 pair of gloves (worn)
 l - a +0 leather armour
 v - a +2 helmet (worn)
 D - a +2 robe of cold resistance (worn)
 F - a +0 cloak (worn)
 H - +0 swamp dragon scales
 L - a +0 crystal plate armour
Jewellery
 j - a +6 ring of strength (left hand)
 t - the amulet of Vitality (around neck) {RegenMP++ Regen++}
   (You found it on level 2 of the Dungeon)

   [amulet of magic regeneration]

   It increases your rate of magic regeneration.
   Regen:     It increases your rate of health regeneration.
 u - a ring of protection from cold
 C - a +6 ring of intelligence (right hand)
Wands
 z - a wand of paralysis (11)
 J - a wand of iceblast (16)
Scrolls
 e - 2 scrolls of noise {unknown}
 h - 5 scrolls of teleportation {unknown}
 i - a scroll of poison {unknown}
 o - a scroll of amnesia {unknown}
 p - a scroll of immolation {unknown}
 s - 2 scrolls of enchant armour {unknown}
 w - a scroll of blinking {unknown}
 B - a scroll of fog {unknown}
Potions
 b - 3 potions of magic
 c - 3 potions of degeneration
 d - 4 potions of curing
 g - a potion of lignification
 k - 2 potions of invisibility
 n - 3 potions of heal wounds
 q - a potion of haste
 r - 3 potions of flight
 A - a potion of brilliance {unknown}
 E - a potion of might {unknown}
 G - a potion of resistance {unknown}
Miscellaneous
 K - a phantom mirror


   Skills:
 + Level 6.8 Fighting
 + Level 2.7 Dodging
 - Level 2.8 Stealth
 + Level 8.1 Spellcasting
 * Level 9.1 Conjurations
 - Level 4.4 Hexes
 - Level 5.3 Translocations


You had 8 spell levels left.
You knew the following spells:

 Your Spells              Type           Power      Damage    Failure   Level
a - Magic Dart            Conj           100%       1d8       1%          1
b - Searing Ray           Conj           100%       2d8       1%          2
c - Dazzling Flash        Conj/Hex       98%        N/A       1%          3
d - Fulminant Prism       Conj/Hex       24%        3d13      3%          4
e - Iskenderun's Mystic   Conj/Tloc      51%        2d11      2%          4
f - Mephitic Cloud        Conj/Pois/Air  28%        N/A       4%          3

Your spell library contained the following spells:

 Spells                   Type           Power      Damage    Failure   Level
 Apportation              Tloc           82%        N/A       1%          1
 Shock                    Conj/Air       100%       1d9       1%          1
 Ensorcelled Hibernation  Hex/Ice        46%        N/A       3%          2
 Passwall                 Tmut/Erth      9%         N/A       8%          2
 Ignite Poison            Fire/Tmut/Pois 11%        N/A       14%         3
 Swiftness                Air            11%        N/A       14%         3
 Freezing Cloud           Conj/Ice/Air   14%        6-21      36%         5
 Airstrike                Air            5%         2d(1-17)  43%         4
 Alistair's Intoxication  Tmut/Pois      7%         N/A       80%         5
 Chain Lightning          Conj/Air       18%        3d24      100%        9
 Fire Storm               Conj/Fire      18%        8d5       100%        9
 Shatter                  Erth           5%         3d8*      100%        9


Dungeon Overview and Level Annotations

Branches:
Dungeon (8/15)             Temple (0/1) D:6            Lair (0/5) D:8
 Bailey (visited)

Altars:
Ashenzari
Cheibriados
Elyvilon
Gozag
Okawaru
Ru
Sif Muna
Wu Jian
Xom
Yredelemnul
Zin

Annotations:
D:3 2 runed translucent doors, bnorton916's ghost, amateur GrEE
D:5 2 transporters, exclusion: steam dragon, Taurus's ghost, novice MiFi
D:7 2 transporters
D:8 1 exclusion


Innate Abilities, Weirdness & Mutations

You have razor-sharp teeth.
Your natural rate of healing is unusually fast.
When hurt, damage is shared between your health and your magic reserves.
Your bite disrupts and absorbs the magic of your enemies.
Potions cannot restore your health.


Message History

Unknown command.
Casting: Searing Ray (safe; 1% risk of failure)
Confirm with . or Enter, or press ? or * to list all spells.
You erupt in a blast of force!
The mystic blast hits the seven-headed hydra.
The seven-headed hydra is almost dead.
The seven-headed hydra is knocked back by the mystic blast.
Casting: Iskenderun's Mystic Blast (dangerous; 2% risk of failure)
Confirm with . or Enter, or press ? or * to list all spells.
Okay, then.
Unknown command.
Casting: Iskenderun's Mystic Blast (dangerous; 2% risk of failure)
Confirm with . or Enter, or press ? or * to list all spells.
Aiming: Mephitic Cloud (dangerous; 4% risk of failure)
Press: ? - help, Shift-Dir - straight line, f/p - seven-headed hydra
Aim: a seven-headed hydra (almost dead, not susceptible)
The ball explodes into a vile cloud!
The stinking cloud engulfs the seven-headed hydra but does no damage.
The seven-headed hydra is almost dead.
You hit the seven-headed hydra. You bite the seven-headed hydra.
You drain its power.
You feel invigorated.
The seven-headed hydra is almost dead.
The seven-headed hydra bites you but does no damage.
The seven-headed hydra closely misses you. x2
The seven-headed hydra completely misses you.
The seven-headed hydra bites you.
The seven-headed hydra bites you but does no damage. x2
You hit the seven-headed hydra.
The seven-headed hydra is almost dead.
The seven-headed hydra bites you! x2; The seven-headed hydra bites you. x2
The seven-headed hydra completely misses you.
The seven-headed hydra bites you but does no damage. x2
You barely miss the seven-headed hydra. You bite the seven-headed hydra.
You drain its power.
You feel invigorated.
The seven-headed hydra is almost dead.
The seven-headed hydra bites you. The seven-headed hydra misses you.
The seven-headed hydra bites you. The seven-headed hydra bites you!
* * * LOW HITPOINT WARNING * * *
The seven-headed hydra bites you!
You die...

#........# ##).......
##.##....###.).......
#...#......)......... #.
#...#.....####.......
...#8_8#.....# #.......
...#####.o°..## ##......
........°°°o..# ##......
........D○....# #.......
.......@......###.####..
#####......####.....####
##..#####.........##
##..###...........#
#..##..........P..
##.........>......
##...............
#..#...........# ###
##.##.........##


You could see a seven-headed hydra and 2 orcs.

Vanquished Creatures
  A death yak (D:8)
  Maggie (D:7)
  2 hornets
  Prince Ribbit (D:7)
  Sigmund (D:5)
  2 wyverns
  A basilisk (D:8)
  2 orc warriors
  2 sky beasts
  A black bear (D:8)
  2 ogres
  6 wolves (Bailey)
  2 phantoms
  A bullfrog (D:7)
  10 gnoll sergeants
  A necrophage (D:7)
  A water moccasin zombie (D:4)
  4 killer bees (D:4)
  A howler monkey (D:7)
  2 jellies
  3 orc priests
  6 hounds
  6 gnoll boudas
  4 iguanas (D:5)
  6 orc wizards
  2 hound zombies (D:4)
  2 howler monkey zombies (D:4)
  4 adders
  30 gnolls
  3 white imps
  A worm (D:3)
  33 orcs
  3 ball pythons
  7 endoplasms
  3 giant cockroaches
  8 goblins
  7 hobgoblins
  3 jackals
  3 quokkas
  2 bats
  4 kobolds
  6 rats
190 creatures vanquished.

Vanquished Creatures (others)
  37 fulminant prisms
  A fungus (D:8)
  A plant (D:8)
39 creatures vanquished.

Grand Total: 229 creatures vanquished

Notes
Turn   | Place    | Note
-------+----------+-------------------------------------------
     0 | D:1      | Twinkles the Vine Stalker Conjurer began the quest for the
                  | Orb.
     0 | D:1      | Reached XP level 1. HP: 9/9 MP: 4/4
    51 | D:1      | Found a faded altar of an unknown god.
    72 | D:1      | Prayed at the altar of an unknown god.
    72 | D:1      | Became a worshipper of Sif Muna the Loreminder
    72 | D:1      | Reached * piety under Sif Muna
   260 | D:1      | Reached XP level 2. HP: 13/13 MP: 1/6
  1027 | D:1      | Learned a level 2 spell: Searing Ray
  1432 | D:2      | Reached XP level 3. HP: 16/16 MP: 4/7
  1466 | D:2      | Found an iron altar of Okawaru.
  1612 | D:2      | Found the amulet of Vitality {RegenMP++ Regen++}
  1969 | D:3      | Found a runed translucent door.
  1973 | D:3      | Noticed bnorton916's ghost (amateur GrEE)
  1992 | D:3      | Found a white marble altar of Elyvilon.
  2085 | D:3      | Reached ** piety under Sif Muna
  2112 | D:3      | Reached skill level 1 in Hexes
  2123 | D:3      | Gained mutation: Your natural rate of healing is unusually
                  | fast. [Vine Stalker growth]
  2123 | D:3      | Reached XP level 4. HP: 21/21 MP: 7/9
  2197 | D:3      | Found a runed translucent door.
  2212 | D:3      | Reached skill level 1 in Fighting
  2505 | D:4      | Noticed a wyvern
  2513 | D:4      | Killed a wyvern
  2514 | D:4      | Reached skill level 5 in Conjurations
  2514 | D:4      | Reached XP level 5. HP: 26/26 MP: 4/11
  2514 | D:4      | Reached XP level 6. HP: 30/30 MP: 4/12
  2591 | D:4      | Found a basalt altar of Yredelemnul.
  2628 | D:4      | Reached XP level 7. HP: 25/35 MP: 6/14
  3127 | D:4      | Found a snail-covered altar of Cheibriados.
  3344 | D:5      | Entered Level 5 of the Dungeon
  3353 | D:5      | Noticed a steam dragon
  3385 | D:5      | Noticed Sigmund
  3452 | D:5      | Learned a level 3 spell: Dazzling Flash
  3511 | D:5      | Killed Sigmund
  3512 | D:5      | Reached skill level 6 in Conjurations
  3512 | D:5      | Gained mutation: You have razor-sharp teeth. [Vine Stalker
                  | growth]
  3512 | D:5      | Reached XP level 8. HP: 41/41 MP: 10/16
  3546 | D:5      | Reached *** piety under Sif Muna
  3550 | D:5      | Reached skill level 5 in Spellcasting
  3857 | D:5      | Learned a level 4 spell: Fulminant Prism
  4058 | D:5      | Identified the +9 dire flail "Sokhoefrenk" {vorpal, rF++}
  4061 | D:5      | Noticed Taurus's ghost (novice MiFi)
  4065 | D:5      | Found a transporter.
  4069 | D:5      | Found a transporter.
  4235 | D:6      | Found a staircase to the Ecumenical Temple.
  4248 | D:6      | Reached skill level 1 in Translocations
  4494 | D:6      | Reached XP level 9. HP: 46/46 MP: 12/18
  4554 | D:6      | Reached **** piety under Sif Muna
  4571 | D:6      | Found a sacrificial altar of Ru.
  4667 | D:6      | Found a broken altar of Ashenzari.
  4817 | D:6      | Reached skill level 7 in Conjurations
  5009 | D:7      | Reached skill level 5 in Fighting
  5095 | D:7      | Found a shimmering altar of Xom.
  5097 | D:7      | Found a shimmering altar of Xom.
  5099 | D:7      | Found a shimmering altar of Xom.
  5099 | D:7      | Found a shimmering altar of Xom.
  5199 | D:7      | Noticed Prince Ribbit
  5239 | D:7      | Killed Prince Ribbit
  5259 | D:7      | Noticed a gargoyle
  5264 | D:7      | Noticed Maggie
  5275 | D:7      | Killed Maggie
  5304 | D:7      | Learned a level 4 spell: Iskenderun's Mystic Blast
  5308 | D:7      | Learned a level 3 spell: Mephitic Cloud
  5312 | D:7      | Found a glowing silver altar of Zin.
  5314 | D:7      | Found an iron altar of Okawaru.
  5314 | D:7      | Noticed a deep elf pyromancer
  5314 | D:7      | Noticed a centaur warrior
  5369 | D:7      | Found a transporter.
  5371 | D:7      | Noticed a troll
  5382 | D:7      | Found a transporter.
  5407 | D:7      | Found an ornate altar of the Wu Jian Council.
  5623 | D:8      | Noticed a hornet
  5627 | D:8      | Noticed a hornet
  5629 | D:8      | Paralysed by a hornet for 3 turns
  5629 | D:8      | Killed a hornet
  5640 | D:7      | Killed a hornet
  5662 | D:8      | Found a staircase to the Lair.
  5662 | D:8      | Noticed a death yak
  5773 | D:8      | Reached skill level 8 in Conjurations
  5773 | D:8      | Reached XP level 10. HP: 38/53 MP: 8/21
  5808 | D:8      | Found a flagged portal.
  5829 | Bailey   | Entered a bailey
  5935 | Bailey   | Reached skill level 5 in Translocations
  6010 | Bailey   | Reached ***** piety under Sif Muna
  6488 | D:8      | Found an opulent altar of Gozag.
  6568 | D:8      | Killed a death yak
  6569 | D:8      | Reached skill level 9 in Conjurations
  6764 | D:8      | Noticed a seven-headed hydra
  6798 | D:8      | Slain by a seven-headed hydra

Illustrated notes

Levels and vault maps discovered:
D:1:      wheals_arrival_linesprint, layout_rooms,
          hellmonk_ecumenical_altar_lost_god, serial_bayou_lagoon_a
D:2:      layout_basic, basic_altar
D:3:      layout_rooms, lemuel_doored_altar, ebering_ghost_sewer_f
D:4:      layout_loops_ring, nicolae_yredelemnul_corpse_copse,
          lemuel_coloured_pillars_altar, minivault_11, st_stairs_3,
          uniq_crazy_yiuf_cottage
D:5:      layout_loops_ring, serial_rivers, chequers_serial_rivers_room_b,
          chequers_serial_rivers_micro_c, chequers_serial_rivers_micro_a,
          chequers_serial_rivers_micro_c, gammafunk_ghost_smash,
          kennysheep_pointless_box, abandoned_shop, uniq_sigmund
D:6:      layout_basic, mainiacjoe_overflow_small_starburst,
          kennysheep_mini_moat, minmay_temple_entry_tees,
          minmay_tree_intersection
D:7:      layout_cave_pools, xom_redecorated, kennysheep_little_box,
          gammafunk_temple_overflow_arena, uniq_prince_ribbit1, uniq_maggie
D:8:      layout_cave_pods, grunt_gozag_breadcrumbs, david_lair_generic,
          serial_shops, nicolae_shop_crystal, enter_bailey_5, dk_vineyard_1,
          st_stairs_2, kennysheep_nub

Skill      XL: |  1  2  3  4  5  6  7  8  9 10 |
---------------+-------------------------------+-----
Hexes          | 1 2 3 4 |  4.4
Fighting       | 2 3 4 6 |  6.8
Spellcasting   | 3 4 5 7 8 |  8.1
Conjurations   | 5 6 8 9 |  9.1
Translocations | 2 4 5 |  5.3
Dodging        | 2 |  2.7
Stealth        | |  2.8

Action                   |  1- 3 |  4- 6 |  7- 9 | 10-12 || total
-------------------------+-------+-------+-------+-------++-------
Melee: Unarmed           |     1 |     6 |       |       ||     7
       Bite              |       |     1 |     8 |     5 ||    14
       Dagger            |       |       |    14 |    22 ||    36
 Cast: Magic Dart        |    74 |    23 |    52 |    47 ||   196
       Searing Ray       |     3 |    17 |    56 |    40 ||   116
       Dazzling Flash    |       |       |     2 |       ||     2
       Fulminant Prism   |       |       |    21 |    16 ||    37
       Iskenderun's Myst |       |       |     1 |     4 ||     5
       Mephitic Cloud    |       |       |       |     3 ||     3
  Use: Scroll            |       |       |       |     7 ||     7
       Potion            |       |       |       |     1 ||     1
Armor: Leather armour    |     4 |    17 |     7 |       ||    28
       Robe              |     1 |       |    17 |    33 ||    51
Dodge: Dodged            |    11 |    23 |    46 |    80 ||   160
